Map: Moonlight Madness LE (Void)

Players

Chodemuffin - Winner!

  • Race: Terran Terran
  • League: Bronze

SticklerMac

  • Race: Terran Terran
  • League: Bronze

VOD

Have the link to the VOD?

Description

Time

  • Played on: July 27, 2015, 11:32 p.m.
  • Length: 8:17
Show
View Real Time Build Order
Export as new Build Order

Chodemuffin Terran - Winner!

Build Orders: MMM Bio 

Get SALT Encoding   

  12  0:05  SCV  
  13  0:17  SCV  
  14  0:29  Supply Depot, SCV  
  15  0:50  SCV  
  16  1:03  SCV  
  17  1:15  SCV  
  18  1:19  Barracks  
  18  1:28  SCV  
  19  1:35  Command Center  
  19  1:40  SCV  
  19  1:41  Barracks  
  20  1:52  SCV  
  21  1:54  Barracks  
  21  2:04  SCV  
  21  2:06  Supply Depot  
  21  2:07  Marine  
  23  2:17  Orbital Command  
  23  2:27  Marine  
  24  2:31  Marine  
  24  2:42  Marine  
  25  2:45  Marine  
  25  2:49  Marine  
  27  2:53  Orbital Command  
  27  2:59  Barracks  
  27  3:09  Bunker  
  27  3:11  Marine  
  27  3:12  Marine x2  
  30  3:13  SCV  
  31  3:22  Orbital Command  
  30  3:32  SCV  
  30  3:33  Marine  
  30  3:34  Marine  
  32  3:36  Marine  
  34  3:44  SCV  
  34  3:45  Refinery  
  34  3:46  Refinery  
  35  3:49  Barracks x3  
  35  3:56  SCV x2  
  32  4:11  Bunker  
  32  4:12  Marine x4  
  32  4:13  SCV  
  32  4:14  SCV  
  38  4:29  Marine  
  38  4:31  Marine x3  
  39  4:33  SCV x2  
  43  4:47  Barracks Tech Lab, Marine  
  43  4:52  Barracks Tech Lab  
  44  4:54  SCV x2  
  44  4:59  Marine  
  46  5:07  Engineering Bay  
  46  5:10  Stimpack  
  46  5:11  Combat Shields  
  46  5:15  Supply Depot  
  46  5:17  Supply Depot x2  
  46  5:37  SCV x2, Marine x6  
  46  5:38  Marine  
  55  5:51  Terran Infantry Weapons Level 1  
  55  5:54  Marine x6  
  61  5:58  SCV  
  61  5:59  SCV  
  61  6:01  Supply Depot  
  61  6:02  Supply Depot  
  61  6:03  Supply Depot  
  63  6:08  Marine  
  64  6:12  Marine x2  
  64  6:13  Command Center  
  53  6:28  Marine x5  
  53  6:30  Marine x2  
  59  6:35  Supply Depot  
  59  6:37  Supply Depot  
  59  6:44  Supply Depot  
  59  6:45  Marine  
  59  6:46  SCV x2, Marine x3  
  59  6:47  Marauder  
  67  6:48  Marauder  
  64  7:01  Marine  
  64  7:03  Marine  
  64  7:04  Marine x3  
  64  7:06  SCV x2  
  64  7:08  Marauder  
  73  7:10  Marauder  
  75  7:19  Marine  
  75  7:21  Marine x2  
  78  7:29  Marauder  
  80  7:31  Marauder  
  80  7:33  Marine x2  
  84  7:37  Marine  
  84  7:39  Marine x2  
  87  7:51  Marine x2, Marauder  
  90  7:53  Marauder  
  90  7:55  Marine  
  90  7:57  Marine  
  95  8:04  Factory  
  97  8:14  Command Center  
Show
View Real Time Build Order
Export as new Build Order

SticklerMac Terran 

Build Orders:  

Get SALT Encoding   

  12  0:01  SCV  
  13  0:13  SCV  
  14  0:19  Supply Depot  
  14  0:25  SCV  
  15  0:41  SCV  
  16  0:43  Barracks  
  16  0:51  Refinery  
  16  0:53  SCV  
  17  1:04  Barracks  
  17  1:06  SCV  
  18  1:15  Supply Depot  
  18  1:23  SCV  
  19  1:30  Marine  
  20  1:36  Barracks  
  20  1:38  SCV  
  21  1:48  Marine  
  21  1:52  Barracks Tech Lab  
  22  2:00  Barracks  
  22  2:06  Marine  
  23  2:11  Marine  
  24  2:17  Supply Depot  
  24  2:29  Marine  
  25  2:39  Marine x2  
  27  2:47  Marine  
  27  2:49  Stimpack  
  28  2:57  Marine x2  
  30  3:01  Marine  
  31  3:06  Supply Depot  
  31  3:15  Bunker  
  31  3:22  Marine x2  
  31  3:23  Marine x2  
  30  3:40  Marine x2  
  30  3:41  Marine x2  
  32  3:44  Barracks  
  34  3:57  Marine  
  34  3:58  Marine  
  34  3:59  Marine x2  
  35  4:15  Marine  
  37  4:17  Barracks  
  37  4:19  Barracks Reactor  
  37  4:22  Barracks Reactor  
  37  4:23  Barracks Reactor  
  33  4:33  Marine  
  34  4:41  Barracks Reactor  
  34  4:55  Supply Depot  
  34  4:58  Supply Depot  
  32  5:04  Marine x2  
  32  5:05  Marine x5  
  37  5:17  Barracks Reactor  
  37  5:19  Marine  
  37  5:21  Marine  
  38  5:22  Marine x4  
  38  5:23  Marine  
  43  5:30  Marine  
  43  5:31  Marine  
  45  5:37  Marine  
  46  5:45  Marine x4  
  49  6:02  Marine x5  
  49  6:03  Marine  
  45  6:29  Marine x7  
  45  6:30  Marine x2  
  54  6:40  Orbital Command  
  54  6:43  Marine  
  35  7:04  Marine x2  
  35  7:05  Marine x5  
  42  7:12  Marine x2  
  42  7:14  Marine  
  43  7:25  Marine  
  43  7:26  Marine x3  
  43  7:28  Marine  
  46  7:38  Marine x4  
  50  7:46  Marine x3  
  53  7:54  Marine  
  53  7:55  Marine  
Tags
 
Add a new tag
Caveats
  • Supply blocks, unpowered buildings, or Contaminate may cause inaccurate times.
  • Supply counts are checked every 10 seconds.